 Dungeon Crawl Stone Soup version 0.23-a0-208-gb6b040f (webtiles) character file.

94 Felrender the Skirmisher (level 4, -1/35 HPs)
             Began as a Demonspawn Fighter on Sept 24, 2018.
             Slain by a gnoll (3 damage)
             ... on level 2 of the Dungeon.
             The game lasted 00:04:27 (1425 turns).

Felrender the Skirmisher (Demonspawn Fighter)       Turns: 1425, Time: 00:04:27

Health: -1/35      AC: 11    Str: 21    XL:     4   Next: 38%
Magic:  4/4        EV:  7    Int:  9    God:
Gold:   63         SH:  9    Dex: 12    Spells: 3/3 levels left

rFire    . . .     SeeInvis .   a - +0 long sword
rCold    + . .     Gourm    .   c - +0 shield
rNeg     . . .     Faith    .   b - +3 scale mail
rPois    .         Spirit   .   (no helmet)
rElec    .         Reflect  .   (no cloak)
rCorr    .         Harm     .   (no gloves)
MR       .....                  (no boots)
Stlth    ..........             (no amulet)
HPRegen  0.11/turn              j - +2 ring of protection
MPRegen  0.09/turn              o - +3 ring of strength

@: no status effects
A: cold resistance 1, freezing cloud immunity
a: no special abilities


You were on level 2 of the Dungeon.
You were not hungry.

You visited 1 branch of the dungeon, and saw 2 of its levels.

You collected 63 gold pieces.

Inventory:

Hand Weapons
 a - a +0 long sword (weapon)
Armour
 b - a +3 scale mail (worn)
 c - a +0 shield (worn)
Jewellery
 j - a +2 ring of protection (left hand)
 o - a +3 ring of strength (right hand)
 p - an uncursed amulet of regeneration {unknown}
Scrolls
 i - 2 scrolls of remove curse
 n - 3 scrolls of enchant weapon {unknown}
Potions
 d - a potion of might
 e - a potion of curing
 h - a potion of cancellation
 k - a potion of degeneration {unknown}
 l - a potion of ambrosia {unknown}
 m - a potion of agility {unknown}
Comestibles
 f - 4 rations
 g - 5 chunks of flesh


   Skills:
 + Level 3.4 Fighting
 + Level 2.9 Long Blades
 + Level 3.1 Armour
 + Level 0.5 Dodging
 + Level 0.1 Stealth
 + Level 3.2 Shields


You had 3 spell levels left.
You didn't know any spells.
Your spell library was empty.

Dungeon Overview and Level Annotations

Branches:
Dungeon (2/15)

Altars:


Innate Abilities, Weirdness & Mutations

Your flesh is cold resistant. (rC+)
You are immune to freezing clouds.


Message History

You feel better. You block the gnoll's attack.
You slash the gnoll!
You kill the gnoll!
The gnoll throws a stone.
The stone closely misses you. The gnoll hits you.
* * * LOW HITPOINT WARNING * * *
Things that are here:
a flail; a gnoll corpse x2
You closely miss the gnoll. The gnoll barely misses you.
The gnoll hits you but does no damage.
You hit the gnoll but do no damage. You block the gnoll's attack.
You hit the gnoll.
The gnoll is lightly wounded.
The gnoll barely misses you.
You hit the gnoll.
The gnoll is moderately wounded.
The gnoll hits you.
* * * LOW HITPOINT WARNING * * *
The gnoll hits you.
You die...

####### #####
....... ...#
...(...####.#######
.....(.#..........#
.......##.#.#####.#
......g@..#.# #.#
#.#########.# #)#
#.# #.# #.#..#.#
#.# #.# .#..#.###
#.# #.# ....... ..#
#.# #.....# ### #.#
#...)(# #.# #.....#
#.#


You could see a gnoll.

Vanquished Creatures
  3 gnolls (D:2)
  2 adders (D:2)
  2 dart slugs
  2 leopard geckos (D:1)
  2 ball pythons (D:1)
  5 bats
  4 giant cockroaches
  3 hobgoblins (D:1)
  4 jackals (D:1)
  4 frilled lizards
  2 goblins
  5 kobolds
  6 rats (D:1)
44 creatures vanquished.

Notes
Turn   | Place    | Note
-------+----------+-------------------------------------------
     0 | D:1      | Felrender the Demonspawn Fighter began the quest for the
                  | Orb.
     0 | D:1      | Reached XP level 1. HP: 18/18 MP: 1/1
   194 | D:1      | Gained mutation: Your flesh is cold resistant. (rC+)
                  | [demonic ancestry]
   194 | D:1      | Reached XP level 2. HP: 24/24 MP: 2/2
   619 | D:1      | Gained mutation: You are immune to freezing clouds.
                  | [demonic ancestry]
   619 | D:1      | Reached XP level 3. HP: 25/29 MP: 3/3
  1403 | D:2      | Reached XP level 4. HP: 14/35 MP: 4/4
  1425 | D:2      | Slain by a gnoll

Vault maps used:
D:1:      erik_arrival_triangle_small
D:2:      minmay_pentomino_s4

Skill      XL: |  1  2  3 |
---------------+----------+-----
Long Blades    | 2 |  2.9
Armour         | 3 |  3.1
Shields        | 3 |  3.2
Fighting       | |  3.4
Dodging        | |  0.5
Stealth        | |  0.1

Action                   |  1- 3 |  4- 6 || total
-------------------------+-------+-------++-------
Melee: Long sword        |   155 |    20 ||   175
  Use: Scroll            |     9 |       ||     9
       Potion            |       |     1 ||     1
  Eat: Ration            |     1 |       ||     1
Armor: Scale mail        |   103 |     4 ||   107
Dodge: Dodged            |    47 |    11 ||    58
Block: Shield            |    98 |     5 ||   103
       Rpst.: Long sword |    15 |     4 ||    19

Table legend:
 A = Non-vault XP
 B = Vault XP
 C = Vault XP percentage of total XP
 D = Non-vault monster count
 E = Vault monster count
 F = Vault count percentage of total count
                 A         B        C        D         E       F
            +---------+---------+-------+---------+---------+-------
      Total |     132 |       3 |   2.2 |      42 |       2 |   4.5
            +---------+---------+-------+---------+---------+-------
        D:1 |      52 |       0 |   0.0 |      31 |       0 |   0.0
        D:2 |      80 |       3 |   3.6 |      11 |       2 |  15.4
            +---------+---------+-------+---------+---------+-------
